WIN
SAN FRANCISCO (WIN) GIANTS @ MIAMI (WIN) MARLINS
12/25/2046
 
TOP OF THE 1ST
San Francisco (WIN) Giants batting - Pitching for Miami (WIN) Marlins : RHP Jorge Lara
Pitching: RHP Jorge Lara
Batting: RHB Nick Wicker 0-0: Ball
1-0: Foul Ball, location: 2F
1-1: Ball
2-1: Called Strike
2-2: Strikes out swinging
Batting: LHB Josh Straub 0-0: Called Strike
0-1: Ball
1-1: Ball
2-1: Swinging Strike
2-2: Foul Ball, location: 2F
2-2: Strikes out swinging
Batting: LHB Jared Paige 0-0: Called Strike
0-1: Ball
1-1: Ball
2-1: Foul Ball, location: 2F
2-2: Foul Ball, location: 2F
2-2: Ball
3-2: SINGLE (Groundball, 34S, EV 66.2 MPH) (infield hit)
Batting: LHB Juan Gonzalez 0-0: Ball
1-0: Called Strike
Jared Paige steals 2nd base
1-1: Ball
2-1: Foul Ball, location: 2F
2-2: Foul Ball, location: 2F
2-2: Ball
3-2: Fly out, F8 (Flyball, 8RD, EV 94.4 MPH)
Top of the 1st over - 0 runs, 1 hit, 0 errors, 1 left on base; San Francisco (WIN) 0 - Miami (WIN) 0
BOTTOM OF THE 1ST
Miami (WIN) Marlins batting - Pitching for San Francisco (WIN) Giants : RHP Jim Sprayberry
Pitching: RHP Jim Sprayberry
Batting: RHB Torquato Obawole 0-0: Ball
1-0: Swinging Strike
1-1: SINGLE (Line Drive, 7S, EV 98.8 MPH)
Batting: RHB Boof Howell 0-0: Ball
1-0: Ball
2-0: Called Strike
2-1: Ball
3-1: Base on Balls
Torquato Obawole to second
Batting: RHB Isaiah Brockman 0-0: Called Strike
0-1: Ball
1-1: Swinging Strike
1-2: SINGLE (Groundball, 34D, EV 103.1 MPH)
Torquato Obawole to third
Boof Howell to second
Runner from 3rd tries for Home, SAFE, throw by RF to home
Batting: LHB Adam Durgin 0-0: Fly out, F8 (Flyball, 8LM, EV 81.9 MPH)
Batting: RHB Akira Suzuki 0-0: Called Strike
0-1: Ball
1-1: Ball
2-1: Ball
3-1: Base on Balls
Boof Howell to third
Isaiah Brockman to second
Batting: RHB Masumitsu Sugiura 0-0: Fly out, F9 (Flyball, 89S, EV 75.6 MPH)
Batting: RHB Tom Thompson 0-0: Ball
1-0: Called Strike
1-1: Ground out 4-3 (Groundball, 34, EV 109.4 MPH)
Bottom of the 1st over - 1 run, 2 hits, 0 errors, 3 left on base; San Francisco (WIN) 0 - Miami (WIN) 1
TOP OF THE 2ND
San Francisco (WIN) Giants batting - Pitching for Miami (WIN) Marlins : RHP Jorge Lara
Batting: RHB Jason Gregor 0-0: Ground out 5-3 (Groundball, 56S, EV 83.1 MPH)
Batting: RHB Dinand Brouwer 0-0: Foul Ball, location: 2F
0-1: Called Strike
0-2: Strikes out swinging passed ball, reaches first!
Batting: LHB Pong-keun Koh 0-0: Foul Ball, location: 2F
0-1: Ground out 4-3 (Groundball, 4, EV 87.5 MPH)
Dinand Brouwer to second
Batting: LHB Ryan Anderson 0-0: Ground out 5-3 (Groundball, 56S, EV 81.9 MPH)
Top of the 2nd over - 0 runs, 0 hits, 0 errors, 1 left on base; San Francisco (WIN) 0 - Miami (WIN) 1
BOTTOM OF THE 2ND
Miami (WIN) Marlins batting - Pitching for San Francisco (WIN) Giants : RHP Jim Sprayberry
Batting: LHB Ryan Thompson 0-0: Ball
1-0: Ball
2-0: Ball
3-0: Base on Balls
Batting: RHB Gavin Helton 0-0: Ground out 5-3 (Groundball, 56S, EV 72.5 MPH)
Ryan Thompson to second
Batting: RHB Torquato Obawole 0-0: Ball
1-0: Foul Ball, location: 2F
1-1: Swinging Strike
1-2: Ball
2-2: Foul Ball, location: 2F
2-2: Strikes out swinging
Batting: RHB Boof Howell 0-0: Called Strike
0-1: Ball
1-1: Foul Ball, location: 2F
1-2: Strikes out looking
Bottom of the 2nd over - 0 runs, 0 hits, 0 errors, 1 left on base; San Francisco (WIN) 0 - Miami (WIN) 1
TOP OF THE 3RD
San Francisco (WIN) Giants batting - Pitching for Miami (WIN) Marlins : RHP Jorge Lara
Batting: RHB Gabe Ochoa 0-0: DOUBLE (Line Drive, 3D, EV 95.6 MPH)
Batting: RHB Nick Wicker 0-0: Called Strike
0-1: Ball
1-1: Ball
2-1: Hit by Pitch
Batting: LHB Josh Straub 0-0: Foul Ball, location: 2F
0-1: Reached on error, E7 (Flyball, 7, EV 88.1 MPH)
Gabe Ochoa to third
Nick Wicker to second
Batting: LHB Jared Paige 0-0: Swinging Strike
0-1: Ball
1-1: Foul Ball, location: 2F
1-2: Foul Ball, location: 2F
1-2: Strikes out swinging
Batting: LHB Juan Gonzalez 0-0: Called Strike
0-1: Ball
1-1: Ball
2-1: SINGLE (Groundball, P, EV 85.0 MPH) (infield hit)
Gabe Ochoa scores
Nick Wicker to third
Josh Straub to second
Batting: RHB Jason Gregor 0-0: Called Strike
0-1: Grounds into double play, 5-4-3 (Groundball, 56S, EV 93.8 MPH)
Top of the 3rd over - 1 run, 2 hits, 1 error, 2 left on base; San Francisco (WIN) 1 - Miami (WIN) 1
BOTTOM OF THE 3RD
Miami (WIN) Marlins batting - Pitching for San Francisco (WIN) Giants : RHP Jim Sprayberry
Batting: RHB Isaiah Brockman 0-0: Ball
1-0: Ball
2-0: Foul Ball, location: 2F
2-1: Swinging Strike
2-2: Strikes out looking
Batting: LHB Adam Durgin 0-0: Ball
1-0: Swinging Strike
1-1: SINGLE (Line Drive, 7LM, EV 106.2 MPH)
Batting: RHB Akira Suzuki 0-0: SINGLE (Groundball, 56S, EV 64.4 MPH) (infield hit)
Adam Durgin to second
Batting: RHB Masumitsu Sugiura 0-0: Called Strike
0-1: Ball
1-1: Swinging Strike
1-2: Strikes out looking
Batting: RHB Tom Thompson 0-0: Ball
1-0: Swinging Strike
1-1: Ball
2-1: Fly out, F7 (Flyball, 78D, EV 93.8 MPH)
Bottom of the 3rd over - 0 runs, 2 hits, 0 errors, 2 left on base; San Francisco (WIN) 1 - Miami (WIN) 1
TOP OF THE 4TH
San Francisco (WIN) Giants batting - Pitching for Miami (WIN) Marlins : RHP Jorge Lara
Batting: RHB Dinand Brouwer 0-0: Ball
1-0: Ground out 6-3 (Groundball, 6, EV 105.0 MPH)
Batting: LHB Pong-keun Koh 0-0: Ball
1-0: Swinging Strike
1-1: Ground out 5-3 (Groundball, 56, EV 84.4 MPH)
Batting: LHB Ryan Anderson 0-0: Ball
1-0: Swinging Strike
1-1: Foul Ball, location: 2F
1-2: Ball
2-2: Strikes out swinging, 2-3 out at first.
Top of the 4th over - 0 runs, 0 hits, 0 errors, 0 left on base; San Francisco (WIN) 1 - Miami (WIN) 1
BOTTOM OF THE 4TH
Miami (WIN) Marlins batting - Pitching for San Francisco (WIN) Giants : RHP Jim Sprayberry
Batting: LHB Ryan Thompson 0-0: Ball
1-0: Ball
2-0: Ball
3-0: Called Strike
3-1: Swinging Strike
3-2: Base on Balls
Batting: RHB Gavin Helton 0-0: Ball
1-0: Foul Ball, location: 2F
1-1: Called Strike
1-2: TRIPLE (Flyball, 89XD, EV 93.1 MPH)
Ryan Thompson scores
Batting: RHB Torquato Obawole 0-0: Ball
1-0: Foul Ball, location: 2F
1-1: Ground out 5-3 (Groundball, 5, EV 96.9 MPH)
Batting: RHB Boof Howell 0-0: Ball
1-0: Ball
2-0: Called Strike
2-1: Foul Ball, location: 2F
2-2: Ball
3-2: Foul Ball, location: 2F
3-2: Base on Balls
Batting: RHB Isaiah Brockman 0-0: Ball
Boof Howell steals 2nd base
1-0: Foul Ball, location: 2F
1-1: Ball
2-1: Called Strike
2-2: Fly out, F8 (Flyball, 8LD, EV 73.8 MPH)
Runner from 3rd tags up, SCORES, throw by CF
Boof Howell to third
Batting: LHB Adam Durgin 0-0: 2-RUN HOME RUN (Flyball, 8LXD, EV 99.4 MPH), Distance : 424 ft
Pitching: RHP Dan Post
Batting: RHB Akira Suzuki 0-0: Foul Ball, location: 2F
0-1: Swinging Strike
0-2: Ball
1-2: DOUBLE (Line Drive, 89XD, EV 110.6 MPH)
Batting: RHB Masumitsu Sugiura 0-0: Ball
1-0: Called Strike
1-1: Called Strike
1-2: Foul Ball, location: 2F
1-2: Ball
2-2: SINGLE (Groundball, 3D, EV 95.6 MPH)
Akira Suzuki to third
Runner from 3rd tries for Home, SAFE, throw by RF to home
Batting: RHB Tom Thompson 0-0: Swinging Strike
0-1: Ball
1-1: Called Strike
1-2: Foul Ball, location: 2F
1-2: Ball
2-2: Ball
3-2: Foul Ball, location: 2F
3-2: Strikes out swinging, 2-3 out at first.
Bottom of the 4th over - 5 runs, 4 hits, 0 errors, 1 left on base; San Francisco (WIN) 1 - Miami (WIN) 6
TOP OF THE 5TH
San Francisco (WIN) Giants batting - Pitching for Miami (WIN) Marlins : RHP Jorge Lara
Batting: RHB Gabe Ochoa 0-0: Ground out 6-3 (Groundball, 6M, EV 85.0 MPH)
Batting: RHB Nick Wicker 0-0: Called Strike
0-1: Foul Ball, location: 2F
0-2: Ground out U3 (Groundball, 3L, EV 81.2 MPH)
Batting: LHB Josh Straub 0-0: Ball
1-0: Ball
2-0: Ball
3-0: Called Strike
3-1: Foul Ball, location: 2F
3-2: Base on Balls
Batting: LHB Jared Paige 0-0: Called Strike
0-1: Called Strike
0-2: Ground out 5-3 (Groundball, 56S, EV 68.8 MPH)
Top of the 5th over - 0 runs, 0 hits, 0 errors, 1 left on base; San Francisco (WIN) 1 - Miami (WIN) 6
BOTTOM OF THE 5TH
Miami (WIN) Marlins batting - Pitching for San Francisco (WIN) Giants : RHP Dan Post
Batting: LHB Ryan Thompson 0-0: Foul Ball, location: 2F
0-1: Called Strike
0-2: Foul Ball, location: 2F
0-2: Foul Ball, location: 2F
0-2: Foul Ball, location: 2F
0-2: SINGLE (Groundball, 4MD, EV 101.2 MPH)
Batting: RHB Gavin Helton 0-0: DOUBLE (Line Drive, 8LXD, EV 111.2 MPH)
Ryan Thompson to third
Batting: RHB Torquato Obawole 0-0: Ball
1-0: Called Strike
1-1: Called Strike
1-2: Strikes out swinging
Batting: RHB Boof Howell 0-0: Ball
1-0: Swinging Strike
1-1: Ball
2-1: Ball
3-1: Foul Ball, location: 2F
3-2: Strikes out swinging
Batting: RHB Isaiah Brockman 0-0: Ball
1-0: Ball
2-0: Foul Ball, location: 2F
2-1: Swinging Strike
2-2: Strikes out swinging
Bottom of the 5th over - 0 runs, 2 hits, 0 errors, 2 left on base; San Francisco (WIN) 1 - Miami (WIN) 6
TOP OF THE 6TH
San Francisco (WIN) Giants batting - Pitching for Miami (WIN) Marlins : RHP Jorge Lara
Batting: LHB Juan Gonzalez 0-0: Ball
1-0: Ball
2-0: Ball
3-0: Called Strike
3-1: Swinging Strike
3-2: Base on Balls
Batting: RHB Jason Gregor 0-0: Ball
1-0: Ball
2-0: Called Strike
2-1: Called Strike
2-2: Ball
3-2: Grounds into double play, 5-4-3 (Groundball, 56, EV 90.0 MPH)
Batting: RHB Dinand Brouwer 0-0: Foul Ball, location: 2F
0-1: SINGLE (Groundball, 34D, EV 95.6 MPH)
Batting: LHB Pong-keun Koh 0-0: Called Strike
0-1: Fly out, F7 (Flyball, 7, EV 83.8 MPH)
Top of the 6th over - 0 runs, 1 hit, 0 errors, 1 left on base; San Francisco (WIN) 1 - Miami (WIN) 6
BOTTOM OF THE 6TH
Miami (WIN) Marlins batting - Pitching for San Francisco (WIN) Giants : RHP Dan Post
Batting: LHB Adam Durgin 0-0: Ball
1-0: Swinging Strike
1-1: Ball
2-1: Fly out, F4 (Line Drive, 4, EV 68.8 MPH)
Batting: RHB Akira Suzuki 0-0: Called Strike
0-1: Fly out, F7 (Flyball, 7S, EV 85.0 MPH)
Batting: RHB Masumitsu Sugiura 0-0: Called Strike
0-1: Foul Ball, location: 2F
0-2: Foul Ball, location: 2F
0-2: SINGLE (Line Drive, 9S, EV 103.1 MPH)
Pitching: RHP Ryan Hoagland
Batting: RHB Tom Thompson 0-0: Called Strike
Masumitsu Sugiura steals 2nd base
0-1: Foul Ball, location: 2F
0-2: Ball
1-2: Fly out, F8 (Flyball, 8RD, EV 106.9 MPH)
Bottom of the 6th over - 0 runs, 1 hit, 0 errors, 1 left on base; San Francisco (WIN) 1 - Miami (WIN) 6
TOP OF THE 7TH
San Francisco (WIN) Giants batting - Pitching for Miami (WIN) Marlins : RHP Jorge Lara
Batting: LHB Ryan Anderson 0-0: Ground out 5-3 (Groundball, 56S, EV 93.8 MPH)
Batting: RHB Gabe Ochoa 0-0: Ball
1-0: Fly out, F4 (Popup, 4MD, EV 73.1 MPH)
Batting: RHB Nick Wicker 0-0: Foul Ball, location: 2F
0-1: Ball
1-1: Ball
2-1: Foul Ball, location: 2F
2-2: Foul Ball, location: 2F
2-2: Strikes out swinging
Top of the 7th over - 0 runs, 0 hits, 0 errors, 0 left on base; San Francisco (WIN) 1 - Miami (WIN) 6
BOTTOM OF THE 7TH
Miami (WIN) Marlins batting - Pitching for San Francisco (WIN) Giants : RHP Ryan Hoagland
Batting: LHB Ryan Thompson 0-0: Called Strike
0-1: Called Strike
0-2: Strikes out swinging
Batting: RHB Gavin Helton 0-0: Foul Ball, location: 2F
0-1: Fly out, F4 (Popup, 3D, EV 56.2 MPH)
Batting: RHB Torquato Obawole 0-0: Ball
1-0: Ball
2-0: Called Strike
2-1: Called Strike
2-2: Foul Ball, location: 2F
2-2: Ball
3-2: Foul Ball, location: 2F
3-2: SINGLE (Line Drive, 34D, EV 99.4 MPH)
Batting: RHB Boof Howell Pickoff Throw to First - Error! E1
Torquato Obawole to second
0-0: Foul Ball, location: 2F
0-1: Foul Ball, location: 2F
0-2: Ball
1-2: Foul Ball, location: 2F
1-2: Ball
2-2: Foul Ball, location: 2F
2-2: Strikes out swinging
Bottom of the 7th over - 0 runs, 1 hit, 1 error, 1 left on base; San Francisco (WIN) 1 - Miami (WIN) 6
TOP OF THE 8TH
San Francisco (WIN) Giants batting - Pitching for Miami (WIN) Marlins : RHP Jorge Lara
Pitching: RHP Earl Shepherd
Batting: LHB Josh Straub 0-0: Ball
1-0: Ball
2-0: Ball
3-0: Base on Balls
Batting: LHB Jared Paige 0-0: Swinging Strike
0-1: Foul Ball, location: 2F
0-2: Ball
1-2: Ball
2-2: Foul Ball, location: 2F
2-2: Fly out, F7 (Line Drive, 7, EV 90.6 MPH)
Batting: LHB Juan Gonzalez 0-0: Ball
1-0: Ball
2-0: Ball
3-0: Called Strike
3-1: Base on Balls
Josh Straub to second
Batting: RHB Jason Gregor 0-0: 3-RUN HOME RUN (Flyball, 78XD, EV 105.0 MPH), Distance : 411 ft
Pitching: LHP Gavrilo Brkic
Batting: RHB Dinand Brouwer 0-0: Ball
1-0: Called Strike
1-1: SINGLE (Line Drive, 8LS, EV 98.1 MPH)
Batting: LHB Pong-keun Koh 0-0: Ball
1-0: Fly out, F7 (Flyball, 78S, EV 90.0 MPH)
Lined into DP, 7-3 (Flyball, 78S, EV 90.0 MPH)
Top of the 8th over - 3 runs, 2 hits, 0 errors, 0 left on base; San Francisco (WIN) 4 - Miami (WIN) 6
BOTTOM OF THE 8TH
Miami (WIN) Marlins batting - Pitching for San Francisco (WIN) Giants : RHP Ryan Hoagland
Batting: RHB Isaiah Brockman 0-0: Ground out 6-3 (Groundball, 6, EV 81.2 MPH)
Batting: LHB Adam Durgin 0-0: Ball
1-0: Called Strike
1-1: Foul Ball, location: 2F
1-2: SOLO HOME RUN (Flyball, 7D, EV 97.5 MPH), Distance : 368 ft
Batting: RHB Akira Suzuki 0-0: Ball
1-0: Ball
2-0: Ball
3-0: Called Strike
3-1: Called Strike
3-2: Strikes out looking
Batting: RHB Masumitsu Sugiura 0-0: Ball
1-0: Swinging Strike
1-1: Ball
2-1: Called Strike
2-2: Ball
3-2: Fly out, F9 (Flyball, 9LSF, EV 75.6 MPH)
Bottom of the 8th over - 1 run, 1 hit, 0 errors, 0 left on base; San Francisco (WIN) 4 - Miami (WIN) 7
TOP OF THE 9TH
San Francisco (WIN) Giants batting - Pitching for Miami (WIN) Marlins : LHP Gavrilo Brkic
Batting: LHB Ryan Anderson 0-0: Called Strike
0-1: Called Strike
0-2: SINGLE (Line Drive, 7LM, EV 101.9 MPH)
Batting: RHB Gabe Ochoa 0-0: Called Strike
0-1: Ball
1-1: Foul Ball, location: 2F
1-2: Ball
2-2: Strikes out looking
Batting: RHB Nick Wicker 0-0: Fly out, F9 (Flyball, 9LM, EV 102.5 MPH)
Pinch Hitting: RHB Drew Duncan 0-0: Ball
1-0: Swinging Strike
1-1: Ball
2-1: Foul Ball, location: 2F
2-2: Fielders Choice at 2nd, 6-4 (Groundball, 6, EV 101.2 MPH)
Top of the 9th over - 0 runs, 1 hit, 0 errors, 1 left on base; San Francisco (WIN) 4 - Miami (WIN) 7
Tuesday, September 13th , 2022 - OOTP Baseball 23.7 Build 88